 Dungeon Crawl Stone Soup version 0.16.1 (webtiles) character file.

489 Fluffy the Cleaver (level 7, -1/59 HPs)
             Began as a Hill Orc Fighter on Mar 23, 2015.
             Was an Initiate of Qazlal.
             Killed by divine providence
             ... invoked by an orc priest
              (14 damage)
             ... on level 4 of the Dungeon.
             The game lasted 00:08:08 (4905 turns).

Fluffy the Cleaver (Hill Orc Fighter)               Turns: 4905, Time: 00:08:09

Health: -1/59      AC:  8    Str: 21    XL:     7   Next: 14%
Magic:  8/8        EV:  7    Int:  8    God:    Qazlal [......]
Gold:   201        SH:  9    Dex: 15    Spells: 0 memorised, 6 levels left

rFire  . . .     SeeInvis .     a - +0 war axe
rCold  . . .     Clarity  .     b - +0 scale mail
rNeg   + . .     SustAb   .     c - +0 shield
rPois  .         Gourm    .     u - +0 helmet
rElec  .         Spirit   .     x - +0 cloak
rCorr  .         Warding  .     (no gloves)
rMut   .         Stasis   .     (no boots)
MR     .....                    (no amulet)
Stlth  ..........               w - +5 ring of dexterity
                                y - ring of positive energy

@: heavily drained, not resistant to hostile enchantments, extremely unstealthy
A: no striking features
a: Renounce Religion, Convert to Beogh


You were on level 4 of the Dungeon.
You worshipped Qazlal.
Qazlal was noncommittal.
You were hungry.

You visited 1 branch of the dungeon, and saw 4 of its levels.

You collected 201 gold pieces.

Inventory:

Hand weapons
 a - a +0 war axe (weapon)
Armour
 b - a +0 scale mail (worn)
 c - a +0 shield (worn)
 u - a +0 helmet (worn)
 x - a +0 cloak (worn)
Jewellery
 i - an uncursed ring of magical power
 w - a +5 ring of dexterity (right hand)
 y - a ring of positive energy (left hand)
Magical devices
 s - a wand of magic darts (26)
Scrolls
 f - 7 scrolls of identify {unknown}
 g - 3 scrolls of fear {unknown}
 h - a scroll of enchant armour {unknown}
 k - 4 scrolls of recharging {unknown}
 l - 2 scrolls of immolation {unknown}
 n - 6 scrolls of teleportation {unknown}
 o - a scroll of magic mapping {unknown}
 p - a scroll of remove curse {unknown}
 q - 3 scrolls of enchant weapon {unknown}
Potions
 e - a potion of might
 j - 4 potions of restore abilities {unknown}
 r - 3 potions of curing {unknown}
 v - a potion of haste {unknown}
 z - a potion of resistance {unknown}
 B - a potion of flight {unknown}
 C - a potion of magic {unknown}
Comestibles
 d - 2 meat rations
 m - 3 slices of pizza
 t - 2 bread rations
 A - 3 fruits


   Skills:
 + Level 4.2(2.7) Fighting
 + Level 8.6(6.9) Axes
 + Level 3.9(2.4) Armour
 + Level 3.8(2.3) Shields
 + Level 1.8(0.4) Invocations


You had 6 spell levels left.
You didn't know any spells.

Dungeon Overview and Level Annotations

Branches:
Dungeon (4/15)
 Temple: D:4-7

Altars:
Cheibriados
Elyvilon
Kikubaaqudgha
Makhleb
Qazlal
Ru


Message History

You hit the orc priest!
The orc priest shouts, "Join the one true god or die!"
The orc priest is moderately wounded.
The orc priest calls down the wrath of Beogh upon you.
Pain shoots through your body!
* * * LOW HITPOINT WARNING * * *
You hit the orc priest.
The orc priest shouts, "Surrender to Beogh and we'll let you live!"
The orc priest is heavily wounded.
You block the orc priest's attack. The orc priest barely misses you.
You closely miss the orc priest.
The orc priest is heavily wounded.
The orc priest hits you but does no damage.
The orc priest shouts, "Surrender to Beogh and we'll let you live!"
You hit the orc priest.
The orc priest shouts, "Beogh is our master!
Accept the truth or die!"
The orc priest is severely wounded.
The orc priest calls down the wrath of Beogh upon you.
Something smites you!
You die...

##.........# ##........##
##........# ##.......#
##..<...# ##### ##.....#
....##### ##.#..# #.......###
##.#######
#.........####@......#########
#...........#o######.........##
#............# ########.... #
#............## ##......# ##
#.............## ##........
.####.............# #.........
..................# ##.........
..###.............#
##.........# .<#
##..........### #..........#


You could see an orc priest.

Vanquished Creatures
  An ogre (D:4)
  Crazy Yiuf (D:3)
  4 orc wizards
  3 worker ants (D:4)
  Ijyb (D:2)
  4 adders
  4 worms
  2 giant geckos
  2 oozes (D:2)
  14 orcs
  A bat skeleton (D:4)
  5 giant cockroaches
  12 goblins
  10 hobgoblins
  5 kobolds
  3 quokkas
  8 bats
  2 giant newts (D:1)
  24 jackals
  6 rats
112 creatures vanquished.

Vanquished Creatures (others)
  A jackal (D:4)
1 creature vanquished.

Grand Total: 113 creatures vanquished

Notes
Turn   | Place    | Note
--------------------------------------------------------------
     0 | D:1      | Fluffy, the Hill Orc Fighter, began the quest for the Orb.
     0 | D:1      | Reached XP level 1. HP: 19/19 MP: 1/1
    41 | D:1      | Found a snail-covered altar of Cheibriados.
   140 | D:1      | Reached XP level 2. HP: 24/26 MP: 2/2
   193 | D:1      | Reached skill level 4 in Axes
   613 | D:2      | Reached XP level 3. HP: 19/31 MP: 3/3
   645 | D:2      | Found a sacrificial altar of Ru.
   865 | D:2      | Reached skill level 5 in Axes
  1293 | D:2      | Found an ancient bone altar of Kikubaaqudgha.
  1350 | D:2      | Reached XP level 4. HP: 39/39 MP: 4/4
  1549 | D:2      | Noticed Ijyb
  1585 | D:2      | Killed Ijyb
  1585 | D:2      | Reached skill level 6 in Axes
  2576 | D:3      | Noticed Crazy Yiuf
  2585 | D:3      | Killed Crazy Yiuf
  2585 | D:3      | Reached XP level 5. HP: 9/45 MP: 5/5
  2885 | D:3      | Reached skill level 7 in Axes
  3186 | D:3      | Reached skill level 8 in Axes
  3186 | D:3      | Reached XP level 6. HP: 18/51 MP: 6/6
  3396 | D:3      | Found a burning altar of Makhleb.
  3396 | D:3      | Found a white marble altar of Elyvilon.
  3783 | D:4      | Found a stormy altar of Qazlal.
  3789 | D:4      | Became a worshipper of Qazlal Stormbringer
  3934 | D:4      | HP: 2/51 [ogre/giant spiked club (22)]
  3935 | D:4      | Reached skill level 1 in Invocations
  4788 | D:4      | Reached XP level 7. HP: 59/59 MP: 8/8
  4905 | D:4      | Killed from afar by an orc priest

Action                   |  1- 3 |  4- 6 |  7- 9 || total
-------------------------+-------+-------+-------++-------
Melee: War axe           |   115 |   293 |    36 ||   444
  Use: Potion            |       |     2 |       ||     2
  Eat: Chunk             |     1 |    12 |       ||    13
